Map: Eternal Empire LE

Players

Serral

  • Race: Zerg Zerg
  • Spawn Location: 7:00

HellraiseR - Winner!

  • Race: Protoss Protoss
  • League: Master
  • Spawn Location: 1:00

Event: StayAtHomestory Cup #2

VOD

https://youtu.be/D41qC5mPlHY

Description

Time

  • Played on: June 11, 2020, 5:31 a.m.
  • Length: 16:37

All games in this series

Show
View Real Time Build Order
Export as new Build Order

Serral Zerg 

Build Orders: Hatch First 

Get SALT Encoding   

  12  0:00  Drone  
  13  0:12  Overlord  
  13  0:17  Drone  
  14  0:30  Drone x2  
  16  0:48  Hatchery  
  15  0:51  Drone  
  15  0:55  Drone  
  17  0:58  Drone  
  18  1:06  Drone  
  18  1:08  Extractor  
  18  1:16  Spawning Pool  
  17  1:20  Drone  
  18  1:28  Drone  
  19  1:38  Drone  
  20  1:50  Drone, Hatchery  
  20  2:00  Drone  
  21  2:03  Zergling x2  
  21  2:05  Queen  
  24  2:16  Queen  
  24  2:21  Overlord  
  26  2:25  Drone  
  26  2:27  Drone  
  28  2:40  Drone  
  28  2:41  Pneumatized Carapace, Drone x2  
  31  2:49  Drone x2  
  33  2:53  Queen  
  33  2:55  Drone  
  36  3:01  Overlord  
  36  3:06  Queen  
  36  3:08  Drone  
  36  3:11  Drone  
  40  3:13  Drone  
  40  3:15  Drone  
  42  3:21  Drone x2  
  42  3:23  Drone  
  42  3:24  Drone x2  
  49  3:35  Queen, Metabolic Boost  
  49  3:37  Drone  
  49  3:40  Overlord  
  50  3:43  Overlord  
  50  3:47  Spore Crawler  
  50  3:48  Drone  
  50  3:55  Overlord  
  50  3:59  Overlord  
  50  4:00  Drone x5  
  55  4:03  Drone x2  
  55  4:05  Drone  
  55  4:09  Drone x2  
  60  4:11  Drone  
  60  4:16  Spore Crawler  
  60  4:19  Drone x4  
  60  4:21  Drone  
  60  4:23  Spore Crawler  
  64  4:27  Drone  
  64  4:29  Drone  
  66  4:33  Lair  
  66  4:35  Extractor  
  66  4:36  Extractor  
  66  4:37  Zergling x6  
  67  4:41  Zergling x4, Roach Warren  
  67  4:43  Drone  
  67  4:44  Drone  
  70  4:46  Overlord  
  70  4:53  Drone x3  
  70  4:54  Drone x4  
  70  4:57  Overlord  
  70  4:58  Evolution Chamber  
  76  5:03  Overlord  
  75  5:07  Zergling x4  
  75  5:08  Extractor  
  75  5:09  Zergling x6  
  75  5:10  Queen  
  81  5:16  Zergling x4  
  83  5:22  Roach x2, Zergling x6  
  83  5:23  Zergling x4  
  92  5:29  Zerg Melee Weapons Level 1  
  92  5:30  Drone x3  
  92  5:34  Drone x2  
  97  5:37  Overlord x2  
  97  5:39  Overlord  
  95  5:43  Drone  
  95  5:47  Drone, Overseer  
  97  5:50  Overlord x2  
  97  5:52  Extractor  
  97  5:53  Hatchery  
  97  5:55  Overlord, Baneling Nest  
  97  5:56  Drone x2  
  96  6:07  Drone x2  
  96  6:08  Drone x3  
  97  6:13  Extractor, Hatchery  
  97  6:15  Drone x3  
  95  6:20  Overlord  
  95  6:22  Drone x3  
  95  6:24  Queen x3  
  104  6:28  Baneling Nest  
  104  6:30  Spire  
  103  6:33  Spore Crawler  
  103  6:34  Spore Crawler  
  103  6:37  Drone  
  103  6:38  Drone x2  
  104  6:40  Spore Crawler x2  
  104  6:43  Drone x3  
  105  6:47  Drone x3  
  105  6:51  Drone x2  
  105  6:52  Drone  
  105  6:53  Drone  
  112  6:55  Drone x3  
  114  7:02  Drone  
  114  7:03  Drone  
  114  7:06  Spore Crawler  
  115  7:10  Overlord  
  115  7:14  Drone, Centrifical Hooks  
  115  7:15  Drone  
  114  7:16  Zergling x6, Spore Crawler  
  114  7:18  Drone x2, Spore Crawler  
  114  7:19  Drone x2  
  119  7:24  Overlord, Spore Crawler  
  119  7:25  Spore Crawler  
  119  7:28  Overlord  
  117  7:30  Unknown  
  117  7:33  Zergling x12  
  122  7:39  Overlord  
  122  7:42  Zerg Melee Weapons Level 2  
  115  7:58  Corruptor x9  
  133  8:08  Zerg Flyer Weapons Level 1  
  133  8:10  Infestation Pit, Corruptor x2  
  136  8:15  Baneling x2  
  136  8:16  Baneling x3  
  136  8:18  Drone x2  
  136  8:19  Drone  
  136  8:23  Corruptor  
  135  8:38  Corruptor x3  
  135  8:39  Hatchery  
  137  8:48  Corruptor x3  
  127  8:53  Drone x2  
  127  8:55  Zergling x14  
  133  8:57  Spore Crawler  
  133  9:01  Zergling x2  
  133  9:02  Zergling x8  
  137  9:06  Hive  
  137  9:15  Corruptor x3  
  143  9:18  Overlord  
  143  9:20  Overseer  
  143  9:22  Corruptor  
  147  9:27  Extractor  
  147  9:28  Extractor  
  147  9:30  Drone x4  
  147  9:31  Overlord x2  
  149  9:37  Overlord  
  149  9:44  Zergling x12  
  154  9:46  Glial Reconstitution  
  154  9:50  Queen x2  
  154  9:52  Roach x3  
  162  9:55  Roach x2  
  162  9:59  Baneling x8  
  158  10:09  Roach x3  
  158  10:10  Roach x2  
  145  10:23  Roach x2, Zergling x20  
  145  10:26  Roach x4  
  152  10:29  Queen  
  152  10:34  Roach  
  152  10:35  Roach, Zergling x4  
  151  10:39  Roach x2  
  151  10:40  Roach  
  147  10:45  Baneling x6  
  147  10:48  Roach  
  146  10:54  Roach x2, Zergling x2  
  136  11:02  Roach x3  
  126  11:09  Roach x2  
  118  11:14  Roach x2  
  121  11:20  Roach  
  121  11:21  Roach  
  121  11:29  Roach x2  
  121  11:32  Ravager  
  127  11:33  Ravager x4  
  127  11:37  Roach  
  125  11:56  Hatchery  
  118  12:06  Zergling x4  
  120  12:22  Zergling x2, Hatchery  
  120  12:26  Zergling x2  
  120  12:27  Zergling x14  
  128  12:35  Zergling x4  
  130  12:50  Roach Warren  
  129  12:54  Viper  
  129  12:55  Zergling x6  
  135  13:01  Adrenal Glands  
  135  13:06  Baneling x3  
  135  13:08  Evolution Chamber  
  135  13:11  Baneling  
  135  13:12  Baneling x4  
  134  13:15  Zergling x4  
  134  13:18  Baneling x4  
  132  13:22  Zergling x2  
  132  13:23  Zergling x2  
  134  13:32  Baneling x10  
  134  13:33  Baneling x3  
  135  13:38  Zergling x6, Hatchery  
  135  13:39  Zergling x2  
  135  13:41  Ravager x3  
  141  13:42  Ravager  
  141  13:43  Ravager  
  143  13:48  Zergling x2  
  143  13:49  Zergling x6  
  146  14:01  Zergling x2  
  146  14:02  Zergling x16  
  154  14:06  Baneling  
  154  14:07  Baneling x5  
  152  14:16  Zergling x2  
  145  14:18  Zergling x4  
  145  14:20  Baneling  
  145  14:21  Baneling x11  
  143  14:35  Hatchery  
  141  14:41  Zergling x10  
  146  14:46  Baneling x4  
  146  14:52  Zergling x6  
  147  15:02  Zergling x10  
  151  15:11  Zergling x10  
  155  15:14  Baneling x2  
  155  15:22  Overlord  
  155  15:25  Zergling x12  
  155  15:27  Baneling x7  
  142  15:38  Zergling x8  
  128  15:43  Zergling x2  
  128  15:44  Zergling x2  
  128  15:48  Baneling x9  
  129  15:51  Zergling x2  
  129  15:52  Zergling x6  
  106  16:07  Zergling x10  
  96  16:22  Roach Warren  
  98  16:32  Hatchery  
Show
View Real Time Build Order
Export as new Build Order

HellraiseR Protoss - Winner!

Build Orders: Nexus First, Oracle Opening, Mass Phoenix 

Get SALT Encoding   

  12  0:03  Probe  
  13  0:15  Probe  
  14  0:23  Pylon  
  14  0:25  Probe  
  15  0:37  Probe  
  16  0:47  Probe  
  17  1:00  Nexus  
  17  1:08  Gateway  
  17  1:11  Probe  
  17  1:17  Assimilator  
  18  1:21  Probe  
  18  1:25  Assimilator  
  19  1:29  Probe  
  19  1:35  Pylon  
  19  1:38  Probe  
  21  1:50  Probe  
  22  1:58  Cybernetics Core, Zealot  
  24  2:02  Probe  
  24  2:08  Probe  
  25  2:10  Probe  
  27  2:16  Probe  
  27  2:18  Probe  
  28  2:26  Probe  
  30  2:30  Probe  
  30  2:34  Stargate  
  31  2:38  Probe, Warp Gate  
  31  2:42  Probe  
  33  2:46  Stalker  
  33  2:50  Probe  
  36  2:54  Probe  
  37  3:02  Probe  
  37  3:03  Pylon  
  37  3:05  Oracle  
  38  3:06  Probe  
  39  3:14  Probe  
  39  3:15  Adept  
  39  3:18  Probe  
  46  3:26  Probe  
  47  3:30  Probe, Gateway x2  
  47  3:33  Assimilator  
  48  3:37  Oracle  
  48  3:38  Probe  
  49  3:42  Probe, Assimilator  
  53  3:48  Pylon  
  53  3:50  Probe  
  54  3:59  Pylon  
  54  4:06  Probe x2  
  56  4:10  Phoenix  
  56  4:11  Nexus  
  59  4:22  Probe x2  
  60  4:29  Adept x2  
  60  4:30  Adept  
  66  4:34  Pylon  
  66  4:36  Probe  
  67  4:47  Probe  
  67  4:52  Adept x3  
  70  4:56  Probe  
  75  5:00  Stargate  
  75  5:02  Stargate  
  75  5:06  Probe  
  76  5:10  Probe  
  76  5:13  Shield Battery  
  77  5:18  Probe  
  77  5:19  Pylon  
  78  5:22  Phoenix  
  80  5:33  Probe  
  80  5:34  Protoss Air Weapons Level 1  
  80  5:35  Probe  
  82  5:36  Phoenix  
  82  5:37  Phoenix  
  82  5:39  Phoenix  
  82  5:42  Probe  
  83  5:47  Probe  
  83  5:49  Assimilator  
  90  5:51  Probe, Assimilator  
  90  5:53  Forge, Pylon  
  90  5:55  Probe  
  90  5:56  Phoenix  
  92  6:01  Phoenix  
  96  6:04  Probe  
  96  6:05  Probe  
  96  6:06  Phoenix  
  98  6:14  Phoenix  
  98  6:15  Adept x2  
  98  6:16  Probe  
  98  6:17  Probe  
  92  6:21  Probe  
  92  6:23  Phoenix  
  95  6:26  Phoenix  
  95  6:30  Probe  
  95  6:32  Phoenix  
  100  6:34  Probe  
  103  6:41  Forge, Twilight Council  
  103  6:43  Probe, Phoenix, Photon Cannon  
  105  6:53  Pylon  
  106  6:57  Probe x2  
  106  6:59  Protoss Ground Weapons Level 1  
  108  7:09  Pylon x3  
  108  7:10  Phoenix x3  
  108  7:15  Charge  
  114  7:20  Pylon x2  
  114  7:27  Zealot  
  114  7:28  Zealot x2  
  120  7:37  Nexus  
  120  7:43  Pylon  
  118  7:50  Gateway  
  118  7:54  Gateway  
  118  7:56  Gateway  
  118  7:57  Robotics Facility  
  118  7:59  Templar Archives  
  118  8:03  Gateway  
  118  8:05  Gateway  
  118  8:09  Gateway, Zealot x2  
  118  8:10  Probe  
  118  8:11  Probe x2  
  125  8:23  Probe x2  
  125  8:24  Shield Battery  
  127  8:27  Photon Cannon  
  127  8:36  Zealot x3  
  127  8:38  Probe  
  127  8:39  Probe  
  129  8:44  Protoss Ground Weapons Level 2  
  129  8:45  Warp Prism  
  128  8:50  Probe  
  128  8:51  Probe  
  128  8:53  Protoss Shields Level 1  
  129  8:56  High Templar x6  
  129  8:57  Probe  
  129  9:01  Archon x3  
  142  9:02  High Templar x2  
  142  9:05  Probe x2  
  142  9:06  Probe  
  142  9:08  Unknown  
  142  9:09  Probe  
  150  9:14  Zealot  
  150  9:15  Observer  
  149  9:17  Archon  
  150  9:25  Pylon  
  150  9:28  Pylon  
  150  9:30  Zealot x3  
  150  9:31  Zealot x2  
  152  9:52  Zealot x9  
  152  10:19  Zealot x9  
  160  10:22  Blink  
  160  10:26  Probe  
  136  10:42  Zealot x9  
  150  10:44  Nexus  
  150  10:46  Protoss Shields Level 2  
  149  10:56  Protoss Ground Weapons Level 3  
  145  11:02  Stalker x2  
  145  11:03  Stalker x7  
  144  11:11  Immortal  
  137  11:26  Stalker x5  
  145  11:36  High Templar x4  
  153  11:40  Archon x2  
  147  11:48  Stalker  
  147  11:49  Nexus, Stalker x2  
  145  11:54  Pylon  
  145  12:01  Observer, Nexus  
  140  12:13  Sentry x2, High Templar x5  
  140  12:15  High Templar, Stalker  
  156  12:17  Archon x2, Probe x2  
  156  12:19  Archon  
  158  12:32  Probe x3  
  161  12:39  Stalker x3  
  167  12:44  Probe x3  
  167  12:47  Stalker x4  
  178  12:51  Observer  
  178  12:55  Shield Battery  
  178  12:56  Probe  
  178  12:57  Stalker x2  
  184  13:03  Protoss Ground Armor Level 1  
  184  13:07  Photon Cannon  
  184  13:09  Stalker x3  
  190  13:20  Observer  
  190  13:23  Nexus, Pylon  
  191  13:38  Stalker x4  
  199  14:31  Gateway  
  199  14:34  Gateway  
  199  14:35  Gateway  
  199  14:41  Observer, Gateway  
  199  14:44  Gateway  
  200  14:45  Gateway, Assimilator  
  200  14:48  Gateway  
  200  14:49  Pylon  
  200  14:50  Assimilator  
  200  15:01  Nexus  
  200  15:03  Pylon  
  196  15:12  Probe x2  
  196  15:13  Probe  
  185  15:24  Probe x2  
  171  15:36  Stalker x12, Zealot  
  185  15:46  Probe  
  185  15:48  Probe  
  181  15:50  Nexus  
  181  15:54  Pylon  
  165  15:58  Probe  
  144  16:12  Stalker x6  
  144  16:13  Stalker x10  
Tags
 
Add a new tag
Caveats
  • Supply blocks, unpowered buildings, or Contaminate may cause inaccurate times.
  • Supply counts are checked every 10 seconds.